3L
OAKLAND OAKS @ HOUSTON 1837 BBC
09/05/2029
 
TOP OF THE 1ST
Oakland Oaks batting - Pitching for Houston 1837 BBC : LHP Prince Michael Jackson
Pitching: LHP Prince Michael Jackson
Batting: RHB Yehonatan Chazan 0-0: Ball
1-0: SOLO HOME RUN (Flyball, 7D), Distance : 382 ft
Batting: RHB Ricardo Téllez 0-0: Called Strike
0-1: Ball
1-1: Ball
2-1: Ball
3-1: Called Strike
3-2: Strikes out swinging
Batting: LHB Todd Henry 0-0: Ball
1-0: Swinging Strike
1-1: Foul Ball, location: 2F
1-2: Foul Ball, location: 2F
1-2: Strikes out swinging
Batting: RHB Joseph Papasogli 0-0: Ground out 5-3 (Groundball, 56)
Top of the 1st over - 1 run, 1 hit, 0 errors, 0 left on base; Oakland 1 - Houston 0
BOTTOM OF THE 1ST
Houston 1837 BBC batting - Pitching for Oakland Oaks : RHP Burm Snart
Pitching: RHP Burm Snart
Batting: LHB Damian Delaney 0-0: Ball
1-0: Ball
2-0: Ball
3-0: Foul Ball, location: 2F
3-1: Foul Ball, location: 2F
3-2: Strikes out swinging
Batting: SHB Galtero Suárez 0-0: Ball
1-0: Called Strike
1-1: SOLO HOME RUN (Flyball, 9D), Distance : 381 ft
Batting: RHB John Downing 0-0: SINGLE (Flyball, 89M)
Batting: RHB Bob Dickerson 0-0: Foul Ball, location: 2F
0-1: Ball
1-1: Fly out, F5 (Popup, 5SF)
Batting: LHB Scott Kerin 0-0: Foul Ball, location: 2F
0-1: Foul Ball, location: 2F
0-2: Foul Ball, location: 2F
0-2: Ball
1-2: Foul Ball, location: 2F
1-2: Foul Ball, location: 2F
1-2: Foul Ball, location: 2F
1-2: Foul Ball, location: 2F
1-2: Hit by Pitch
John Downing to second
Batting: RHB Lytle Creek 0-0: Swinging Strike
0-1: Fielders Choice at 2nd, 6-4 (Groundball, 6)
Bottom of the 1st over - 1 run, 2 hits, 0 errors, 2 left on base; Oakland 1 - Houston 1
TOP OF THE 2ND
Oakland Oaks batting - Pitching for Houston 1837 BBC : LHP Prince Michael Jackson
Batting: RHB Mike Wazowski 0-0: Called Strike
0-1: Foul Ball, location: 2F
0-2: Ball
1-2: Strikes out swinging
Batting: RHB Alfonso Nazario 0-0: Foul Ball, location: 2F
0-1: Ball
1-1: Ball
2-1: Ball
3-1: SINGLE (Flyball, 8LS)
Batting: RHB Joe Phillips 0-0: Foul Ball, location: 2F
0-1: Ball
Passed Ball!
Alfonso Nazario to second
1-1: Swinging Strike
1-2: Ground out 3-1 (Groundball, 34S)
Alfonso Nazario to third
Batting: SHB Luis Luquín 0-0: Called Strike
0-1: Foul Ball, location: 2F
0-2: Foul Ball, location: 2F
0-2: Fly out, F5 (Line Drive, 5L)
Top of the 2nd over - 0 runs, 1 hit, 0 errors, 1 left on base; Oakland 1 - Houston 1
BOTTOM OF THE 2ND
Houston 1837 BBC batting - Pitching for Oakland Oaks : RHP Burm Snart
Batting: RHB Armond Merlin 0-0: Foul Ball, location: 2F
0-1: Fly out, F7 (Line Drive, 7)
Batting: RHB Rubén Marino 0-0: Called Strike
0-1: Foul Ball, location: 2F
0-2: Ball
1-2: SINGLE (Groundball, 6MD)
Batting: RHB Scott Robertson 0-0: Ball
Rubén Marino is caught stealing 2nd base
1-0: Ball
2-0: Foul Ball, location: 2F
2-1: SINGLE (Groundball, 4MD)
Batting: LHB Damian Delaney 0-0: Ball
1-0: SINGLE (Line Drive, 8LS)
Scott Robertson to second
Batting: SHB Galtero Suárez 0-0: Called Strike
0-1: Foul Ball, location: 2F
0-2: Foul Ball, location: 2F
0-2: Ball
1-2: Ground out U3 (Groundball, 34)
Bottom of the 2nd over - 0 runs, 3 hits, 0 errors, 2 left on base; Oakland 1 - Houston 1
TOP OF THE 3RD
Oakland Oaks batting - Pitching for Houston 1837 BBC : LHP Prince Michael Jackson
Batting: LHB David Holbrook 0-0: Foul Ball, location: 2F
0-1: Ball
1-1: Ball
2-1: Called Strike
2-2: Fly out, F9 (Line Drive, 9D)
Batting: RHB Yehonatan Chazan 0-0: Ball
1-0: Swinging Strike
1-1: Ground out 5-3 (Groundball, 56)
Batting: RHB Ricardo Téllez 0-0: Ball
1-0: Swinging Strike
1-1: Ball
2-1: Foul Ball, location: 2F
2-2: Ball
3-2: Base on Balls
Batting: LHB Todd Henry 0-0: Called Strike
Throwing error on steal attempt, E2
Ricardo Téllez to third
0-1: Swinging Strike
0-2: Foul Ball, location: 2F
0-2: Ball
1-2: SINGLE (Line Drive, 8RS)
Ricardo Téllez scores
Batting: RHB Joseph Papasogli 0-0: SINGLE (Groundball, 34) (infield hit)
Todd Henry to second
Batting: RHB Mike Wazowski 0-0: Fielders Choice at 2nd, 5-4 (Groundball, 56)
Top of the 3rd over - 1 run, 2 hits, 1 error, 2 left on base; Oakland 2 - Houston 1
BOTTOM OF THE 3RD
Houston 1837 BBC batting - Pitching for Oakland Oaks : RHP Burm Snart
Batting: RHB John Downing 0-0: Ball
1-0: Ball
2-0: Ball
3-0: Base on Balls
Batting: RHB Bob Dickerson 0-0: Called Strike
0-1: Called Strike
0-2: Ball
1-2: Ball
2-2: Ball
3-2: Base on Balls
John Downing to second
Batting: LHB Scott Kerin 0-0: Ball
1-0: Ball
2-0: SINGLE (Groundball, 56D)
John Downing to third
Bob Dickerson to second
Batting: RHB Lytle Creek 0-0: Ball
1-0: Called Strike
1-1: Ball
2-1: Ball
3-1: Grounds into double play, 4-6-3 (Groundball, 4)
John Downing scores
Bob Dickerson to third
Batting: RHB Armond Merlin 0-0: SINGLE (Line Drive, 56D)
Bob Dickerson scores
Batting: RHB Rubén Marino 0-0: Ball
1-0: Called Strike
1-1: Ball
2-1: Ball
3-1: Base on Balls
Armond Merlin to second
Batting: RHB Scott Robertson 0-0: Ball
1-0: Ball
2-0: Swinging Strike
2-1: SINGLE (Groundball, 6MD)
Armond Merlin to third
Rubén Marino to second
Runner from 3rd tries for Home, SAFE, no throw
Batting: LHB Damian Delaney 0-0: Swinging Strike
0-1: Ball
1-1: Fly out, F9 (Flyball, 9)
Bottom of the 3rd over - 3 runs, 3 hits, 0 errors, 2 left on base; Oakland 2 - Houston 4
TOP OF THE 4TH
Oakland Oaks batting - Pitching for Houston 1837 BBC : LHP Prince Michael Jackson
Batting: RHB Alfonso Nazario 0-0: Ball
1-0: Ball
2-0: Ball
3-0: Called Strike
3-1: Foul Ball, location: 2F
3-2: Ground out 5-3 (Groundball, 5S)
Batting: RHB Joe Phillips 0-0: Ground out 6-3 (Groundball, 6)
Batting: SHB Luis Luquín 0-0: Ball
1-0: Foul Ball, location: 2F
1-1: Called Strike
1-2: Hit by Pitch
Batting: LHB David Holbrook 0-0: Foul Ball, location: 2F
0-1: Ball
1-1: Ball
2-1: Fly out, F8 (Flyball, 78D)
Top of the 4th over - 0 runs, 0 hits, 0 errors, 1 left on base; Oakland 2 - Houston 4
BOTTOM OF THE 4TH
Houston 1837 BBC batting - Pitching for Oakland Oaks : RHP Burm Snart
Batting: SHB Galtero Suárez 0-0: Foul Ball, location: 2F
0-1: Foul Ball, location: 2F
0-2: Ball
1-2: Ball
2-2: Ground out 1-3 (Groundball, 13S)
Batting: RHB John Downing 0-0: Ball
1-0: Swinging Strike
1-1: Fly out, F6 (Popup, 6MD)
Batting: RHB Bob Dickerson 0-0: Called Strike
0-1: Fly out, F3 (Popup, 3D)
Bottom of the 4th over - 0 runs, 0 hits, 0 errors, 0 left on base; Oakland 2 - Houston 4
TOP OF THE 5TH
Oakland Oaks batting - Pitching for Houston 1837 BBC : LHP Prince Michael Jackson
Batting: RHB Yehonatan Chazan 0-0: Swinging Strike
0-1: Called Strike
0-2: Ball
1-2: Ground out 5-3 (Groundball, 5L)
Batting: RHB Ricardo Téllez 0-0: Ball
1-0: Ball
2-0: Ground out 6-3 (Groundball, 6S)
Batting: LHB Todd Henry 0-0: Ball
1-0: Fly out, F7 (Line Drive, 7D)
Top of the 5th over - 0 runs, 0 hits, 0 errors, 0 left on base; Oakland 2 - Houston 4
BOTTOM OF THE 5TH
Houston 1837 BBC batting - Pitching for Oakland Oaks : RHP Burm Snart
Batting: LHB Scott Kerin 0-0: Called Strike
0-1: Ball
1-1: Ball
2-1: Foul Ball, location: 2F
2-2: Foul Ball, location: 2F
2-2: Fly out, F7 (Flyball, 7S)
Batting: RHB Lytle Creek 0-0: Foul Ball, location: 2F
0-1: Ball
1-1: Ball
2-1: Ball
3-1: Called Strike
3-2: Ground out 5-3 (Groundball, 56)
Batting: RHB Armond Merlin 0-0: Ball
1-0: Foul Ball, location: 2F
1-1: Fly out, F7 (Flyball, 78M)
Bottom of the 5th over - 0 runs, 0 hits, 0 errors, 0 left on base; Oakland 2 - Houston 4
TOP OF THE 6TH
Oakland Oaks batting - Pitching for Houston 1837 BBC : LHP Prince Michael Jackson
Batting: RHB Joseph Papasogli 0-0: Ball
1-0: Swinging Strike
1-1: Swinging Strike
1-2: Strikes out swinging
Pitching: RHP Mike Farrell
Batting: RHB Mike Wazowski 0-0: DOUBLE (Line Drive, 7LS)
Batting: RHB Alfonso Nazario 0-0: Ball
1-0: Called Strike
1-1: Foul Ball, location: 2F
1-2: Ball
2-2: Fly out, F7 (Flyball, 78D)
Batting: RHB Joe Phillips 0-0: Ball
1-0: Called Strike
1-1: Fly out, F9 (Flyball, 89S)
Top of the 6th over - 0 runs, 1 hit, 0 errors, 1 left on base; Oakland 2 - Houston 4
BOTTOM OF THE 6TH
Houston 1837 BBC batting - Pitching for Oakland Oaks : RHP Burm Snart
Pitching: RHP Chris Lynskey
Batting: RHB Rubén Marino 0-0: Ball
1-0: Ball
2-0: Ball
3-0: Base on Balls
Batting: RHB Scott Robertson 0-0: Ball
1-0: Called Strike
1-1: Ball
2-1: Ball
3-1: Fly out, F9 (Line Drive, 9LM)
Batting: LHB Damian Delaney 0-0: Called Strike
0-1: Swinging Strike
0-2: Ball
1-2: Fielders Choice at 2nd, 5-4 (Groundball, 5)
Batting: SHB Galtero Suárez 0-0: Ball
1-0: Ball
2-0: Ball
3-0: Base on Balls
Damian Delaney to second
Batting: RHB John Downing 0-0: Ball
1-0: Foul Ball, location: 2F
1-1: Fielders Choice at 2nd, 5-4 (Groundball, 56)
Bottom of the 6th over - 0 runs, 0 hits, 0 errors, 2 left on base; Oakland 2 - Houston 4
TOP OF THE 7TH
Oakland Oaks batting - Pitching for Houston 1837 BBC : RHP Mike Farrell
Batting: SHB Luis Luquín 0-0: Ball
1-0: SINGLE (Line Drive, 78S)
Batting: LHB David Holbrook 0-0: Foul Ball, location: 2F
0-1: Bunt missed!
0-2: Foul Ball, location: 2F
0-2: 2-RUN HOME RUN (Flyball, 9LD), Distance : 348 ft
Pitching: RHP Rodrigo Rangel
Batting: RHB Yehonatan Chazan 0-0: Called Strike
0-1: Ball
1-1: Called Strike
1-2: Strikes out swinging
Batting: RHB Ricardo Téllez 0-0: SINGLE (Line Drive, 56)
Batting: LHB Todd Henry 0-0: Ball
1-0: Foul Ball, location: 2F
1-1: Ball
2-1: Called Strike
2-2: Foul Ball, location: 2F
2-2: Foul Ball, location: 2F
2-2: Fly out, F7 (Flyball, 7D)
Batting: RHB Joseph Papasogli 0-0: Foul Ball, location: 2F
0-1: Ball
1-1: Ball
Ricardo Téllez steals 2nd base
2-1: Called Strike
2-2: Strikes out swinging
Top of the 7th over - 2 runs, 3 hits, 0 errors, 1 left on base; Oakland 4 - Houston 4
BOTTOM OF THE 7TH
Houston 1837 BBC batting - Pitching for Oakland Oaks : RHP Chris Lynskey
Batting: RHB Bob Dickerson 0-0: Called Strike
0-1: Ball
1-1: Ball
2-1: Fly out, F7 (Flyball, 78D)
Batting: LHB Scott Kerin 0-0: Ball
1-0: Called Strike
1-1: Ground out U3 (Groundball, 34)
Batting: RHB Lytle Creek 0-0: Ball
1-0: Called Strike
1-1: Ball
2-1: Ball
3-1: Ground out 6-3 (Groundball, 6M)
Bottom of the 7th over - 0 runs, 0 hits, 0 errors, 0 left on base; Oakland 4 - Houston 4
TOP OF THE 8TH
Oakland Oaks batting - Pitching for Houston 1837 BBC : RHP Rodrigo Rangel
Batting: RHB Mike Wazowski 0-0: Called Strike
0-1: Ball
1-1: Ball
2-1: Swinging Strike
2-2: Ball
3-2: Fly out, F7 (Flyball, 7D)
Batting: RHB Alfonso Nazario 0-0: Swinging Strike
0-1: Swinging Strike
0-2: Ball
1-2: Strikes out swinging
Batting: RHB Joe Phillips 0-0: Ground out 1-5-3 (Groundball, 15S)
Top of the 8th over - 0 runs, 0 hits, 0 errors, 0 left on base; Oakland 4 - Houston 4
BOTTOM OF THE 8TH
Houston 1837 BBC batting - Pitching for Oakland Oaks : RHP Chris Lynskey
Batting: RHB Armond Merlin 0-0: Foul Ball, location: 2F
0-1: Ball
1-1: Ball
2-1: Ball
3-1: Foul Ball, location: 2F
3-2: Foul Ball, location: 2F
3-2: Base on Balls
Batting: RHB Rubén Marino 0-0: Fly out, F9 (Flyball, 9)
Batting: RHB Scott Robertson 0-0: Called Strike
0-1: Ball
1-1: Ball
2-1: Foul Ball, location: 2F
2-2: Ball
3-2: Strikes out swinging
Batting: LHB Damian Delaney 0-0: Called Strike
0-1: Ball
1-1: Called Strike
Armond Merlin steals 2nd base
1-2: Strikes out looking
Bottom of the 8th over - 0 runs, 0 hits, 0 errors, 1 left on base; Oakland 4 - Houston 4
TOP OF THE 9TH
Oakland Oaks batting - Pitching for Houston 1837 BBC : RHP Rodrigo Rangel
Pitching: RHP Francisco García
Batting: SHB Luis Luquín 0-0: Ball
1-0: Ball
2-0: Foul Ball, location: 2F
2-1: Ball
3-1: Called Strike
3-2: SINGLE (Groundball, 56D)
Batting: LHB David Holbrook 0-0: Sac Bunt - play at first, batter OUT! 5-4
Luis Luquín to second
Batting: RHB Yehonatan Chazan 0-0: Intentional Walk
Pinch Hitting: LHB Edwin Church 0-0: Ball
1-0: Ball
2-0: Swinging Strike
2-1: Ball
3-1: Fly out, F9 (Flyball, 9D)
Runner from 2nd tags up, SAFE at 3rd, no throw
Batting: LHB Todd Henry 0-0: Ball
1-0: Ground out U3 (Groundball, 3)
Top of the 9th over - 0 runs, 1 hit, 0 errors, 2 left on base; Oakland 4 - Houston 4
BOTTOM OF THE 9TH
Houston 1837 BBC batting - Pitching for Oakland Oaks : RHP Chris Lynskey
Now at 2B: Jesús Quintanilla
Batting: SHB Galtero Suárez 0-0: DOUBLE (Flyball, 78XD)
Batting: RHB John Downing 0-0: Intentional Walk
Batting: RHB Bob Dickerson 0-0: Called Strike
0-1: Ball
1-1: Fly out, F4 (Popup, 4)
Batting: LHB Scott Kerin 0-0: Ball
1-0: Called Strike
1-1: Ball
2-1: Ball
3-1: Base on Balls
Galtero Suárez to third
John Downing to second
Pitching: LHP Billy Mays
Batting: RHB Lytle Creek 0-0: Called Strike
0-1: Grounds into fielders choice 6-2 (Groundball, 56)
John Downing to third
Scott Kerin to second
Batting: RHB Armond Merlin 0-0: Ball
1-0: SINGLE (Groundball, 56D)
John Downing scores
Tuesday, December 19th, 2017 - OOTP Baseball 18.8 Build 76